 Dungeon Crawl Stone Soup version 0.19.5 (webtiles) character file.

1848140 Jerry the Slayer (level 27, 125/192 HPs)
             Began as a Gargoyle Fighter on Apr 26, 2017.
             Was a High Priest of Okawaru.
             Escaped with the Orb
             ... and 3 runes on Apr 27, 2017!
             The game lasted 06:06:59 (58487 turns).

Jerry the Slayer (Gargoyle Fighter)                Turns: 58487, Time: 06:07:00

Health: 125/192    AC: 62    Str: 22 (23) XL:     27
Magic:  41/41      EV: 29    Int: 13 (15) God:    Okawaru [*****.]
Gold:   2858       SH: 20    Dex: 27 (28) Spells: 8 memorised, 13 levels left

rFire  + + +     SeeInvis +     Z - +9 eveningstar (flame)
rCold  + + +     Gourm    .     G - +6 plate armour of Hairiness {rF+ rC++}
rNeg   + . .     Faith    .     k - +5 shield {reflect}
rPois  ∞         Spirit   .     b - +4 helmet "Xaeb" {rC+ Dex+8}
rElec  +         Reflect  +     s - +2 cloak {MR+}
rCorr  .         Harm     .     r - +2 pair of gloves {Dex+3}
MR     +++..                    o - +2 pair of boots {run}
Stlth  ..........               n - amulet of regeneration
                                t - ring "Quqoops" {+Inv rF++ MP+9 Str-4 Int+3}
                                B - ring of see invisible

@: agile, flying, quick
A: big wings, deterioration 1, fire resistance 1, negative energy resistance 1,
electricity resistance, unbreathing, petrification resistance, no device heal 1,
rot immunity, AC +20
a: Stop Flying, Heroism, Finesse, Renounce Religion, Evoke Invisibility
0: Orb of Zot
}: 3/15 runes: decaying, silver, gossamer


You escaped.
You worshipped Okawaru.
Okawaru was extremely pleased with you.
You were not hungry.

You visited 9 branches of the dungeon, and saw 47 of its levels.
You visited the Abyss 2 times.
You visited 1 bazaar.
You also visited: Labyrinth.

You collected 5970 gold pieces.
You spent 3112 gold pieces at shops.

Inventory:

Hand Weapons
 Z - a +9 eveningstar of flaming (weapon)
Armour
 b - the +4 helmet "Xaeb" (worn) {rC+ Dex+8}
   (You found it on level 3 of the Depths)

   It affects your dexterity (+8).
   It protects you from cold.
 k - a +5 shield of reflection (worn)
 o - a +2 pair of boots of running (worn)
 r - a +2 pair of gloves of dexterity (worn)
 s - a +2 cloak of magic resistance (worn)
 G - the +6 plate armour of Hairiness (worn) {rF+ rC++}
   (Okawaru gifted it to you on level 6 of the Lair of Beasts)

   It protects you from fire.
   It greatly protects you from cold.
Jewellery
 n - an amulet of regeneration (around neck)
 t - the ring "Quqoops" (right hand) {+Inv rF++ MP+9 Str-4 Int+3}
   (You took it off a vault warden on level 5 of the Vaults)

   [ring of intelligence]

   It affects your strength (-4).
   It affects your intelligence (+3).
   It greatly protects you from fire.
   It affects your magic capacity (+9).
   It lets you turn invisible.
 B - a ring of see invisible (left hand)
Wands
 c - a wand of hasting (3/9)
 H - a wand of digging (2/24)
 X - a wand of teleportation (5/9)
Scrolls
 g - 3 scrolls of magic mapping
 i - 12 scrolls of identify
 j - 17 scrolls of fog
 l - 21 scrolls of remove curse
 p - a scroll of enchant weapon
 q - 5 scrolls of recharging
 u - 9 scrolls of blinking
 w - 7 scrolls of amnesia
 y - 3 scrolls of holy word
 D - a scroll of silence
 F - 16 scrolls of teleportation
 N - 10 scrolls of fear
 P - 3 scrolls of enchant armour
 S - a scroll of immolation
 W - 3 scrolls of summoning
Potions
 e - 2 potions of agility
 h - 19 potions of curing
 m - 3 potions of cancellation
 v - 10 potions of resistance
 x - 6 potions of haste
 z - 10 potions of heal wounds
 C - 2 potions of cure mutation
 E - 6 potions of invisibility
 I - 7 potions of brilliance
 K - a potion of magic
 M - 2 potions of berserk rage
 R - 8 potions of ambrosia
Comestibles
 a - a chunk of flesh
 f - 28 bread rations
 A - 24 meat rations
 L - 43 fruits
 U - 10 slices of pizza


   Skills:
 + Level 24.9 Fighting
 - Level 21.4 Maces & Flails
 + Level 18.3 Armour
 - Level 20.1 Dodging
 - Level 15.1 Shields
 - Level 3.4 Spellcasting
 - Level 7.6 Necromancy
 + Level 14.0 Translocations
 - Level 13.2 Invocations


You had 13 spell levels left.
You knew the following spells:

 Your Spells              Type           Power        Failure   Level  Hunger
a - Animate Skeleton      Necr           N/A          10%         1    #......
b - Apportation           Tloc           #####.....   1%          1    #......
c - Lesser Beckoning      Tloc           #####.....   1%          3    ###....
d - Passage of Golubria   Tloc           N/A          8%          4    #####..
e - Shroud of Golubria    Chrm/Tloc      ###.......   17%         2    ##.....
f - Blink                 Tloc           N/A          1%          2    ##.....
g - Portal Projectile     Tloc           #####.       1%          3    ###....
h - Teleport Other        Tloc           #####...     1%          3    ###....


Dungeon Overview and Level Annotations

Branches:
Dungeon (15/15)            Temple (1/1) D:4            Lair (6/6) D:8
  Swamp (4/4) Lair:3       Spider (4/4) Lair:2        Slime (0/5) Lair:5
    Orc (2/2) D:12            Elf (0/3) Orc:2        Vaults (5/5) D:14
  Crypt (0/3) Vaults:2     Depths (5/5) D:15            Zot (5/5) Depths:5

Altars:
Cheibriados
Dithmenos
Elyvilon
Fedhas
Gozag
Nemelex Xobeh
Okawaru
Qazlal
Ru
Sif Muna
Trog
Uskayaw
Vehumet
Xom
Yredelemnul
Zin
Beogh
Lugonu

Shops:
D:6 =   Orc:2 ?[?(   Vaults:3 :   Vaults:5 ?}

Portals:
Hell: Depths:1 Depths:2 Depths:3 Depths:4 Depths:5
Abyss: Depths:4
Pandemonium: Depths:3
Ziggurat: Depths:5
Trove: D:11 (give 13 potions of heal wounds)

Annotations:
D:7 exclusion: ice statue
Depths:4 6 runed doors


Innate Abilities, Weirdness & Mutations

You are resistant to torment.
Your stone body is resilient. (AC +20)
You are immune to poison.
Your large and strong wings let you fly indefinitely.
You resist negative energy. (rN+)
You are resistant to electric shocks. (rElec)
You can survive without breathing.
You are immune to petrification.
You are immune to rotting.
Your body sometimes deteriorates upon taking damage.
Your flesh is heat resistant. (rF+)
Potions and wands are less effective at restoring your health.


Message History

The damnation engulfs the Hell Sentinel.
The Hell Sentinel completely resists.
The damnation engulfs you!
Your body deteriorates!
You feel weakened.
The Hell Sentinel hits you but does no damage.
You block the Hell Sentinel's attack.
There is an open door here.
You see here a club.
Unknown command.
The Hell Sentinel completely misses you.
The Hell Sentinel closely misses you. The Hell Sentinel gestures at you.
Your +5 shield of reflection reflects the iron shot!
The iron shot hits the Hell Sentinel.
The Hell Sentinel gestures at you.
The sphere of damnation explodes!
The damnation engulfs you!
Your body deteriorates!
You feel clumsy. The Hell Sentinel gestures at you.
The sphere of damnation explodes!
The damnation engulfs you!
There is a staircase leading out of the dungeon here.
You have escaped!

#..########)# #....# #..# #...#
##...# #..# #.#.# #...#
#..######'##### #...#
#..##.........# #...#
#..##.........#####...#
#..##..⌠...⌠..#.......#
#...#.........#.###..##
########...'....@....'.# #..#
#.......#.##.........### #..#####
#.######..##..⌠...⌠..#####.......
#.....###.##....1....#......#####
#..##.# #..#.........########
#..##.# ########)##### #..##÷#
#.##..# ...##.# #.###.# #.###.#
#.# #.#


You could see a Hell Sentinel.

Vanquished Creatures
  6 orbs of fire
  9 ancient liches
  2 juggernauts (Depths:5)
  Frederick (Vaults:3)
  A Killer Klown (Zot:5)
  2 curse toes
  Xtahua (Depths:4)
  11 golden dragons
  Nikola (Spider:1)
  A bone dragon (Depths:5)
  15 tentacled monstrosities
  2 electric golems (Zot:5)
  26 Orb Guardians
  3 liches (Depths:2)
  5 titans
  2 quicksilver dragons
  6 death cobs
  4 sphinxes
  An Executioner (Abyss:4)
  5 tentacled starspawn
  Frances (D:14)
  A thorn hunter (Swamp:4)
  A shadow dragon (Zot:5)
  9 tengu reavers
  18 storm dragons
  4 draconian monks
  Donald (Swamp:3)
  11 fire giants
  A daeva (Zot:4)
  10 frost giants
  4 deep elf sorcerers
  3 draconian knights
  3 iron dragons
  3 draconian zealots
  20 vault wardens
  8 ghost moths
  Aizul (Swamp:1)
  2 draconian scorchers
  2 deep elf elementalists (Vaults:5)
  5 draconian shifters
  3 emperor scorpions
  9 ironheart preservers
  24 very ugly things
  3 draconian annihilators
  2 entropy weavers (Spider:3)
  23 stone giants
  A caustic shrike skeleton (Depths:3)
  A ghoul (Vaults:2)
  6 draconian callers
  15 green draconians
  3 war gargoyles (Vaults:5)
  2 vampire knights
  8 white draconians
  5 deep elf annihilators
  15 black draconians
  6 mottled draconians
  19 purple draconians
  A dire elephant (Lair:6)
  16 yellow draconians
  13 ettins
  14 red draconians
  7 spark wasps
  A deep elf death mage (Vaults:5)
  A blizzard demon (D:14)
  An eidolon (Vaults:2)
  A crystal guardian (Vaults:4)
  10 fire dragons
  4 deep elf high priests
  13 great orbs of eyes
  A minotaur (Lab)
  15 ogre magi
  16 yaktaur captains
  24 hydras
  9 rakshasas
  40 vault guards
  3 ghost crabs
  15 ice dragons
  8 spriggan air magi
  13 centaur warriors
  A merfolk avatar (Lair:6)
  4 death knights
  A catoblepas (Lair:5)
  A queen ant (Spider:4)
  4 death yaks (Lair:4)
  2 thrashing horrors
  3 alligators
  Erica (Lair:1)
  13 deep troll earth magi
  2 vampire magi
  10 deep troll shamans
  3 orc high priests (Orc:2)
  6 tengu warriors
  5 hell knights
  7 deep elf knights
  10 spriggan berserkers
  5 wretched stars
  2 sixfirhies
  12 skeletal warriors
  2 sea snakes (Lair:6)
  The ghost of Schimscham the Gusty, a novice DrAE of Sif Muna (D:7)
  7 glowing orange brains
  2 spatial maelstroms (Abyss:4)
  A swamp dragon (shapeshifter) (Vaults:5)
  10 swamp dragons
  A spark wasp zombie (Depths:1)
  7 unseen horrors
  4 spriggan druids
  A sphinx zombie (D:15)
  7 wizards
  A tengu zombie (Vaults:4)
  29 deep trolls
  6 hill giants
  12 necromancers
  6 harpies
  2 phantasmal warriors
  3 flayed ghosts
  19 orc knights
  5 deep elf archers
  4 shambling mangroves
  A wolf spider zombie (D:15)
  21 ironbrand convokers
  3 harpies (shapeshifter)
  A faun (shapeshifter) (Depths:5)
  A tengu skeleton (Depths:3)
  8 orc sorcerers
  17 deep elf magi
  3 salamanders (shapeshifter)
  A shadow dragon skeleton (Depths:3)
  8 cyclopes
  37 wolf spiders
  18 orb spiders
  38 ugly things
  3 manticores
  28 moths of wrath
  A spriggan zombie (Depths:3)
  A stone giant skeleton (D:15)
  A black mamba (shapeshifter) (Depths:2)
  11 elephants
  5 centaur zombies
  5 black mambas
  A rust devil (D:15)
  A torpor snail (Spider:1)
  24 vault sentinels
  3 orange demons
  12 spiny frogs
  A gargoyle (D:13)
  4 smoke demons
  9 komodo dragons
  6 rime drakes
  2 human zombies
  A spark wasp simulacrum (Depths:1)
  A yaktaur zombie (Vaults:1)
  5 freezing wraiths
  52 yaktaurs
  5 tengu conjurers
  7 demonic crawlers
  9 hellwings
  A queen bee (shapeshifter) (Depths:3)
  A guardian mummy (D:11)
  8 trolls
  An ice devil (Zot:5)
  4 ancient zymes
  30 jumping spiders
  A hornet (shapeshifter) (Vaults:1)
  6 meliai
  The ghost of letownia the Grave Robber, an amateur DDNe (D:4)
  4 polar bears
  A meliai (shapeshifter) (D:14)
  35 hornets
  5 raiju
  28 two-headed ogres
  2 dream sheep (D:10)
  2 ettin zombies
  31 blink frogs
  A stone giant simulacrum (Vaults:4)
  A fire dragon zombie (Abyss:5)
  37 slime creatures
  A dream sheep (shapeshifter) (Depths:2)
  5 hippogriffs
  11 bog bodies
  5 flying skulls (Abyss:4)
  An ice dragon zombie (D:15)
  A spriggan (shapeshifter) (Vaults:5)
  5 shadows
  4 water elementals
  A fire elemental (Abyss:5)
  70 redbacks
  8 air elementals
  4 wraiths
  6 spriggans
  7 chaos spawn
  3 tarantellas (shapeshifter)
  A wyvern (shapeshifter) (Depths:1)
  2 ynoxinuls (Abyss:5)
  2 vampires
  6 wyverns
  37 yaks
  A steam dragon (D:8)
  28 tarantellas
  A neqoxec (Depths:1)
  3 human simulacra
  3 basilisks
  4 hungry ghosts
  9 large abominations
  24 swamp worms
  A warg (shapeshifter) (Vaults:4)
  9 insubstantial wisps
  5 mottled dragons
  6 vampire mosquitoes
  20 soldier ants
  7 wargs
  Duvessa (D:7)
  14 water moccasins
  A floating eye (shapeshifter) (Depths:1)
  A porcupine (shapeshifter) (Vaults:2)
  A floating eye (Depths:2)
  5 human skeletons
  38 orc warriors
  8 porcupines
  A hornet zombie (D:12)
  8 sky beasts
  17 swamp drakes
  3 black bears
  2 eyes of draining (D:12)
  4 phantoms
  An ogre (shapeshifter) (Vaults:3)
  4 ice beasts
  A necrophage (D:14)
  17 centaurs
  46 ogres
  11 wolves
  13 boggarts (Vaults:1)
  12 crocodiles
  5 big kobolds
  2 earth elementals (Abyss:5)
  A gnoll sergeant (D:8)
  26 bullfrogs
  A glowing shapeshifter simulacrum (Vaults:3)
  4 wyvern zombies
  Dowan (D:7)
  51 killer bees
  4 scorpions
  6 small abominations
  16 wights
  4 electric eels
  A howler monkey (shapeshifter) (Depths:1)
  A howler monkey (D:4)
  7 crimson imps
  8 jellies
  2 quasits
  A gnoll shaman (D:7)
  3 bullfrog skeletons
  29 orc priests
  5 centaur skeletons
  8 hounds
  4 iguanas
  Natasha (thrice) (D:4)
  37 orc wizards
  37 worker ants
  Robin (D:1)
  21 adders
  14 gnolls
  A river rat (Lair:6)
  7 shadow imps
  A white imp (Abyss:4)
  An ufetubus (Abyss:4)
  An ooze (D:1)
  2 adder skeletons
  6 worms
  2 dart slugs
  12 leopard geckos
  94 orcs
  2 ball pythons
  6 giant cockroaches
  14 goblins
  10 hobgoblins
  3 jackals (D:5)
  22 kobolds
  2 quokkas
  11 bats
  4 frilled lizards
  A leopard gecko skeleton (D:7)
  2 leopard gecko zombies
  A quokka skeleton (D:5)
  A quokka zombie (D:7)
  11 rats
  5 plants
2395 creatures vanquished.

Vanquished Creatures (collateral kills)
  2 tentacled monstrosities
  An Orb Guardian (Zot:5)
  A sphinx (Vaults:5)
  A draconian monk (Zot:4)
  A storm dragon (Zot:4)
  A vault warden (Vaults:5)
  A stone giant (Vaults:5)
  A white draconian (Zot:3)
  2 mottled draconians (Zot:4)
  A red draconian (Zot:4)
  A yaktaur captain (Vaults:5)
  A hydra (Lair:5)
  A vault guard (Vaults:5)
  A death knight (Vaults:5)
  An orc knight (Vaults:5)
  2 yaktaurs (Vaults:5)
  A jumping spider (Zot:3)
  An ogre (Vaults:5)
  3 orcs (Vaults:5)
24 creatures vanquished.

Vanquished Creatures (others)
  A draconian knight (Zot:1)
  A green draconian (Zot:4)
  3 yaktaur captains
  2 centaur warriors (Depths:2)
  An alligator (Swamp:4)
  A cyclops (Vaults:2)
  2 moths of wrath (Zot:5)
  8 yaktaurs
  A hornet (Zot:4)
  A blink frog (Swamp:3)
  A dream sheep (shapeshifter) (Vaults:5)
  3 swamp drakes (Swamp:4)
  An orc warrior (Vaults:3)
  A centaur (Vaults:1)
  2 boggarts (Vaults:1)
  An ogre (Vaults:1)
  An orc wizard (Orc:1)
  An orc (Vaults:4)
  A goblin (D:1)
  A kobold (D:14)
  8 fungi
  5 plants
  17 starspawn tentacles
64 creatures vanquished.

Grand Total: 2483 creatures vanquished

Notes
Turn   | Place    | Note
-------+----------+-------------------------------------------
     0 | D:1      | Jerry the Gargoyle Fighter began the quest for the Orb.
     0 | D:1      | Reached XP level 1. HP: 14/14 MP: 1/1
   272 | D:1      | Reached XP level 2. HP: 19/19 MP: 2/2
   443 | D:1      | Reached XP level 3. HP: 23/23 MP: 3/3
   835 | D:2      | Noticed Robin
   988 | D:1      | Killed Robin
   988 | D:1      | Reached XP level 4. HP: 4/29 MP: 4/4
  1323 | D:2      | Reached skill level 4 in Fighting
  1618 | D:2      | Reached XP level 5. HP: 33/33 MP: 5/5
  2411 | D:3      | Found a faded altar of an unknown god.
  2538 | D:3      | Found a sparkling altar of Nemelex Xobeh.
  2592 | D:4      | Found a staircase to the Ecumenical Temple.
  2612 | Temple   | Entered the Ecumenical Temple
  2636 | Temple   | Became a worshipper of Warmaster Okawaru
  2800 | D:4      | Reached XP level 6. HP: 34/39 MP: 6/6
  2951 | D:4      | Noticed Natasha
  2962 | D:4      | Killed Natasha
  3059 | D:4      | Noticed Natasha
  3066 | D:4      | Killed Natasha
  3179 | D:4      | Noticed a phantom
  3208 | D:4      | Killed a phantom
  3208 | D:4      | Reached skill level 5 in Maces & Flails
  3227 | D:4      | Noticed letownia's ghost (amateur DDNe)
  3250 | D:4      | Killed letownia's ghost
  3250 | D:4      | Reached * piety under Okawaru
  3250 | D:4      | Reached skill level 5 in Fighting
  3250 | D:4      | Reached skill level 5 in Armour
  3250 | D:4      | Reached XP level 7. HP: 33/44 MP: 7/7
  3513 | D:4      | Reached ** piety under Okawaru
  3555 | D:4      | Reached skill level 1 in Invocations
  3571 | D:4      | Reached XP level 8. HP: 47/49 MP: 7/9
  3747 | D:4      | Noticed Natasha
  3754 | D:4      | Killed Natasha
  3903 | D:5      | Entered Level 5 of the Dungeon
  4101 | D:5      | Reached skill level 5 in Shields
  4806 | D:6      | Got a smoking scale mail
  4807 | D:6      | Identified the +6 scale mail of Ymyotufu {Str+6} (You found it on level 6 of the Dungeon)
  4843 | D:6      | Reached skill level 6 in Fighting
  5275 | D:6      | Found Bulut's Jewellery Shoppe.
  5478 | D:7      | Noticed Schimscham's ghost (novice DrAE)
  5482 | D:7      | Reached *** piety under Okawaru
  5482 | D:7      | Reached XP level 9. HP: 55/55 MP: 11/11
  5504 | D:7      | Killed Schimscham's ghost
  6396 | D:7      | Noticed an ice statue
  6931 | D:7      | Reached **** piety under Okawaru
  6943 | D:7      | Reached skill level 7 in Fighting
  7119 | D:8      | Found a staircase to the Lair.
  7186 | D:7      | Reached XP level 10. HP: 29/63 MP: 13/13
  8306 | D:8      | Reached skill level 5 in Invocations
  8924 | D:8      | Reached ***** piety under Okawaru
  9195 | Lair:1   | Entered Level 1 of the Lair of Beasts
  9973 | D:8      | Reached skill level 10 in Maces & Flails
  9987 | D:8      | Received a gift from Okawaru
  9987 | D:8      | Reached skill level 8 in Fighting
  9990 | D:8      | Got a scorched morningstar {god gift}
  9991 | D:8      | Identified the +2 morningstar of Subterfuge {venom, Dex+2 SInv} (Okawaru gifted it to you on level 8 of the Dungeon)
 10163 | Lair:1   | Noticed Erica
 10172 | Lair:1   | Killed Erica
 10172 | Lair:1   | Reached XP level 11. HP: 68/68 MP: 15/15
 10652 | Lair:2   | Found a labyrinth entrance.
 10683 | Lab      | Entered a labyrinth
 10820 | Lab      | Noticed a minotaur
 10833 | Lab      | Killed a minotaur
 10833 | Lab      | Received a gift from Okawaru
 10835 | Lab      | Got a transparent jade ring
 10848 | Lab      | Identified the ring of Nielom {-Tele MR+ Int+7} (You took it off a minotaur in a labyrinth)
 10971 | Lair:2   | Found a hole to the Spider Nest.
 11414 | Lair:2   | Reached skill level 9 in Fighting
 12692 | Lair:3   | Received a gift from Okawaru
 12693 | Lair:3   | Got a polished dire flail {god gift}
 12694 | Lair:3   | Identified the +3 dire flail "Gargoyle's Death" {crush, Fragile rPois Str+2 Dex+5 SInv} (Okawaru gifted it to you on level 3 of the Lair of Beasts)
 12701 | Lair:3   | Reached XP level 12. HP: 39/76 MP: 17/17
 13525 | Lair:3   | Found a staircase to the Swamp.
 13684 | Lair:3   | Noticed a six-headed hydra
 13699 | Lair:3   | Killed a six-headed hydra
 14257 | Lair:4   | Reached ****** piety under Okawaru
 14442 | Lair:4   | Noticed a death yak
 14443 | Lair:4   | Noticed a death yak
 14444 | Lair:4   | Noticed a death yak
 14445 | Lair:4   | Noticed a death yak
 14453 | Lair:4   | Killed a death yak
 14459 | Lair:4   | Killed a death yak
 14459 | Lair:4   | Reached skill level 10 in Fighting
 14459 | Lair:4   | Reached skill level 10 in Armour
 14466 | Lair:4   | Killed a death yak
 14474 | Lair:4   | Killed a death yak
 14980 | Lair:5   | Reached skill level 10 in Shields
 15062 | Lair:5   | Reached XP level 13. HP: 58/83 MP: 16/18
 15191 | Lair:5   | Received a gift from Okawaru
 15508 | Lair:5   | Found a staircase to the Slime Pits.
 15647 | Lair:5   | Reached skill level 11 in Fighting
 16098 | Lair:6   | Entered Level 6 of the Lair of Beasts
 16291 | Lair:6   | Received a gift from Okawaru
 16298 | Lair:6   | Got a bronze plate armour {god gift}
 16299 | Lair:6   | Identified the +6 plate armour of Hairiness {rF+ rC++} (Okawaru gifted it to you on level 6 of the Lair of Beasts)
 16592 | Lair:6   | Gained mutation: Your large and strong wings let you fly indefinitely. [Gargoyle growth]
 16592 | Lair:6   | Reached XP level 14. HP: 90/90 MP: 19/19
 17355 | Lair:6   | Noticed a dire elephant
 17397 | Lair:6   | Reached skill level 12 in Fighting
 17397 | Lair:6   | Reached skill level 15 in Maces & Flails
 17548 | Lair:6   | Killed a dire elephant
 17665 | Lair:6   | Received a gift from Okawaru
 18403 | D:10     | Entered Level 10 of the Dungeon
 18507 | D:10     | Received a gift from Okawaru
 19091 | D:11     | Found a portal to a secret trove of treasure.
 20160 | D:12     | Reached XP level 15. HP: 57/97 MP: 15/20
 20259 | D:11     | HP: 4/97 [white ugly thing (25)]
 20643 | D:12     | Received a gift from Okawaru
 20943 | D:12     | Found a staircase to the Orcish Mines.
 21242 | D:13     | Found a blossoming altar of Fedhas.
 21467 | D:13     | Reached skill level 1 in Dodging
 21985 | D:14     | Found a gate to the Vaults.
 22000 | D:14     | Reached skill level 13 in Fighting
 22066 | D:14     | Received a gift from Okawaru
 22166 | D:14     | Learned a level 1 spell: Animate Skeleton
 22478 | D:14     | Noticed Frances
 22492 | D:14     | Killed Frances
 22661 | D:14     | Received a gift from Okawaru
 22762 | D:15     | Entered Level 15 of the Dungeon
 22897 | D:15     | Found a staircase to the Depths.
 23563 | D:15     | Reached XP level 16. HP: 104/104 MP: 21/21
 23878 | Orc:1    | Entered Level 1 of the Orcish Mines
 24031 | Orc:1    | Found a roughly hewn altar of Beogh.
 24164 | Orc:2    | Entered Level 2 of the Orcish Mines
 24524 | Orc:2    | Found a staircase to the Elven Halls.
 24897 | Orc:2    | Found Exatusch's Armour Shop.
 24897 | Orc:2    | Found Hoduv's Magic Scroll Emporium.
 24899 | Orc:2    | Found Zuylobb's Weapon Shop.
 24899 | Orc:2    | Found Waegheud's Magic Scroll Emporium.
 25214 | Orc:2    | Bought a scroll of acquirement for 728 gold pieces
 25229 | Orc:2    | Bought a scroll of enchant weapon for 97 gold pieces
 25229 | Orc:2    | Bought 2 scrolls of enchant weapon for 195 gold pieces
 25458 | Lair:3   | Reached skill level 14 in Fighting
 25517 | Swamp:1  | Entered Level 1 of the Swamp
 25886 | Swamp:1  | Noticed Aizul
 25917 | Swamp:1  | Killed Aizul
 26472 | Swamp:2  | Received a gift from Okawaru
 27193 | Swamp:3  | Noticed Donald
 27219 | Swamp:3  | Killed Donald
 28006 | Swamp:3  | Got an ichor-stained buckler
 28007 | Swamp:3  | Identified the +0 buckler "Yxauxecu" {+Fly Str+5} (You found it on level 3 of the Swamp)
 28034 | Swamp:4  | Entered Level 4 of the Swamp
 28415 | Swamp:4  | Reached XP level 17. HP: 101/112 MP: 20/22
 28693 | Swamp:4  | Received a gift from Okawaru
 28790 | Swamp:4  | Reached skill level 15 in Fighting
 28890 | Swamp:4  | Got a decaying rune of Zot
 29032 | Swamp:4  | Reached skill level 15 in Armour
 29612 | Depths:1 | Entered Level 1 of the Depths
 30440 | Depths:1 | Found a gateway to Hell.
 30684 | Depths:2 | Reached skill level 15 in Shields
 30694 | Depths:2 | Received a gift from Okawaru
 30768 | Depths:2 | Found a corrupted altar of Lugonu.
 30770 | Depths:2 | Noticed a lich
 30787 | Depths:2 | Killed a lich
 31146 | Depths:2 | Reached XP level 18. HP: 109/120 MP: 23/23
 31250 | Depths:2 | Received a gift from Okawaru
 31406 | Depths:2 | Reached skill level 16 in Fighting
 31419 | Depths:2 | Noticed a lich
 31434 | Depths:2 | Killed a lich
 31434 | Depths:2 | Reached skill level 5 in Dodging
 31696 | Depths:2 | Noticed a titan
 31707 | Depths:2 | Noticed a lich
 31714 | Depths:2 | Cast into level 4 of the Abyss (a lich)
 31919 | Abyss:4  | Paralysed by a great orb of eyes for 4 turns
 31984 | Depths:2 | Escaped the Abyss
 31990 | Depths:2 | Killed a lich
 32232 | Depths:2 | Received a gift from Okawaru
 32614 | Depths:3 | Reached XP level 19. HP: 121/127 MP: 22/24
 32825 | Depths:3 | Received a gift from Okawaru
 32885 | Depths:3 | Found a one-way gate leading to the halls of Pandemonium.
 33164 | Depths:3 | Reached skill level 17 in Fighting
 33672 | Depths:3 | Paralysed by a great orb of eyes for 2 turns
 33685 | Depths:3 | Received a gift from Okawaru
 34069 | Depths:3 | Got a faintly humming helmet
 34070 | Depths:3 | Identified the +4 helmet "Xaeb" {rC+ Dex+8} (You found it on level 3 of the Depths)
 34715 | Depths:4 | Noticed a tentacled monstrosity
 34727 | Depths:4 | Killed a tentacled monstrosity
 34744 | Depths:4 | Paralysed by a great orb of eyes for 7 turns
 34885 | Depths:4 | Reached XP level 20. HP: 136/136 MP: 25/25
 34913 | Depths:4 | Found a runed gate.
 34913 | Depths:4 | Found a runed gate.
 34913 | Depths:4 | Found a runed gate.
 35061 | Depths:4 | Found a one-way gate to the infinite horrors of the Abyss.
 35259 | Depths:4 | Received a gift from Okawaru
 35428 | Depths:4 | Found a runed gate.
 35428 | Depths:4 | Found a runed gate.
 35428 | Depths:4 | Found a runed gate.
 35434 | Depths:4 | Noticed a juggernaut
 35828 | Depths:5 | Entered Level 5 of the Depths
 35886 | Depths:4 | Reached skill level 18 in Fighting
 36049 | Depths:5 | Killed a juggernaut
 36080 | Depths:5 | Noticed Xtahua
 36233 | Depths:4 | Killed Xtahua
 36434 | Depths:5 | Noticed a golden dragon
 36458 | Depths:5 | Killed a golden dragon
 36541 | Depths:5 | Received a gift from Okawaru
 36602 | Depths:5 | Found a gateway to a ziggurat.
 36602 | Depths:5 | Noticed an ancient lich
 36725 | Depths:5 | Cast into level 5 of the Abyss (an ancient lich)
 36725 | Abyss:5  | Entered Level 5 of the Abyss
 36961 | Abyss:5  | Reached skill level 10 in Dodging
 36963 | Depths:5 | Escaped the Abyss
 36975 | Depths:5 | Killed an ancient lich
 36975 | Depths:5 | Reached XP level 21. HP: 131/142 MP: 20/26
 37076 | Depths:5 | Received a gift from Okawaru
 37134 | Depths:5 | Found a gate to the Realm of Zot.
 37134 | Depths:5 | Noticed a bone dragon
 37170 | Depths:5 | Killed a bone dragon
 37480 | Depths:5 | Noticed a juggernaut
 37503 | Depths:5 | Killed a juggernaut
 37512 | Depths:5 | Reached skill level 19 in Fighting
 37907 | D:14     | Received a gift from Okawaru
 37956 | Vaults:1 | Entered Level 1 of the Vaults
 38358 | Vaults:1 | Received a gift from Okawaru
 38660 | Vaults:1 | Reached skill level 10 in Invocations
 38862 | Vaults:1 | Reached XP level 22. HP: 139/150 MP: 29/29
 40276 | Vaults:1 | Learned a level 1 spell: Apportation
 40624 | Vaults:2 | Received a gift from Okawaru
 41425 | Vaults:2 | Reached skill level 20 in Fighting
 41573 | Vaults:2 | Got a faintly glowing flail
 41574 | Vaults:2 | Identified the cursed +1 flail of Nugenomu {antimagic, rElec MR+++ SInv Stlth-} (You found it on level 2 of the Vaults)
 41710 | Vaults:2 | Found a staircase to the Crypt.
 42072 | Vaults:2 | Found a gateway to a bazaar.
 42085 | Bazaar   | Entered a bazaar
 42094 | Bazaar   | Found Ustrar's Antique Armour Shop.
 42105 | Bazaar   | Found Higicys's Jewellery Shop.
 42139 | Bazaar   | Bought a glowing shield for 157 gold pieces
 42139 | Bazaar   | Bought a pair of embroidered gloves for 157 gold pieces
 42189 | Bazaar   | Bought a brightly glowing plate armour for 420 gold pieces
 42199 | Bazaar   | Identified the +2 plate armour of the Maze {MR- Int+3 Dex+3} (You bought it in a shop in a bazaar)
 42225 | Bazaar   | Bought a cursed amulet of inaccuracy for 38 gold pieces
 42225 | Bazaar   | Bought a cursed -6 ring of intelligence for 38 gold pieces
 42229 | Bazaar   | Bought a +1 ring of evasion for 57 gold pieces
 42925 | Vaults:3 | Reached XP level 23. HP: 157/157 MP: 32/32
 43230 | Vaults:3 | Found Luikhlaso's Book Emporium.
 43810 | Vaults:4 | Noticed Frederick
 43830 | Vaults:3 | Killed Frederick
 43963 | Vaults:4 | Received a gift from Okawaru
 43974 | Vaults:4 | Got an iridescent great mace {god gift}
 43978 | Vaults:4 | Identified the +6 great mace "Loxt" {crush, rN+ Str+2} (Okawaru gifted it to you on level 4 of the Vaults)
 45261 | Vaults:3 | Bought a book of Spatial Translocations for 1105 gold pieces
 45265 | Vaults:3 | Learned a level 3 spell: Lesser Beckoning
 45270 | Vaults:3 | Learned a level 4 spell: Passage of Golubria
 45273 | Vaults:3 | Learned a level 2 spell: Shroud of Golubria
 45276 | Vaults:3 | Learned a level 2 spell: Blink
 45280 | Vaults:3 | Learned a level 3 spell: Portal Projectile
 45284 | Vaults:3 | Learned a level 3 spell: Teleport Other
 45638 | Spider:1 | Entered Level 1 of the Spider Nest
 46069 | Spider:1 | Reached skill level 1 in Necromancy
 46356 | Spider:1 | Reached skill level 1 in Translocations
 46366 | Spider:2 | Noticed Nikola
 46392 | Spider:1 | Killed Nikola
 47293 | Spider:3 | Received a gift from Okawaru
 47329 | Spider:3 | Reached skill level 21 in Fighting
 47987 | Spider:4 | Entered Level 4 of the Spider Nest
 48123 | Spider:3 | Reached XP level 24. HP: 160/166 MP: 32/32
 48276 | Spider:3 | Received a gift from Okawaru
 48958 | Spider:4 | Got a gossamer rune of Zot
 49787 | Vaults:5 | Entered Level 5 of the Vaults
 49822 | Vaults:4 | Reached skill level 1 in Spellcasting
 49837 | Vaults:4 | Received a gift from Okawaru
 49856 | Vaults:4 | Reached skill level 5 in Translocations
 49941 | Vaults:4 | Reached skill level 5 in Necromancy
 50065 | Vaults:5 | Noticed an ancient lich
 50072 | Vaults:5 | Killed an ancient lich
 50119 | Vaults:5 | Received a gift from Okawaru
 50604 | Vaults:5 | Reached XP level 25. HP: 172/172 MP: 30/32
 50663 | Vaults:5 | Received a gift from Okawaru
 50695 | Vaults:5 | Paralysed by a sphinx for 6 turns
 50839 | Vaults:5 | Got a sparkling lapis lazuli ring
 50933 | Vaults:5 | Found Feukh's Magic Scroll Shoppe.
 50999 | Vaults:5 | Bought a scroll of enchant armour for 120 gold pieces
 51086 | Vaults:5 | Reached skill level 22 in Fighting
 51104 | Vaults:5 | Identified the ring "Quqoops" {+Inv rF++ MP+9 Str-4 Int+3} (You took it off a vault warden on level 5 of the Vaults)
 51317 | Vaults:5 | Got a silver rune of Zot
 51454 | Vaults:5 | Found Woadamau's Gadget Emporium.
 51620 | Vaults:5 | Got a twisted plate armour
 51727 | Vaults:5 | Identified the +9 plate armour "Oseupta" {*Corrode rN+ Str+4} (You took it off a vault warden on level 5 of the Vaults)
 52115 | D:11     | Got a scintillating tin amulet
 52116 | D:11     | Identified the amulet "Hiogir" {Reflect Dex+6 SH+3} (You acquired it on level 11 of the Dungeon)
 52118 | D:11     | Got a smoking lapis lazuli ring
 52119 | D:11     | Identified the ring "Boshu" {rC+ Str+4} (You acquired it on level 11 of the Dungeon)
 52384 | Zot:1    | Entered Level 1 of the Realm of Zot
 52394 | Zot:1    | Received a gift from Okawaru
 52544 | Depths:5 | Identified a +2 pair of boots of running (Okawaru gifted it to you on level 1 of the Realm of Zot)
 53155 | Zot:1    | Reached skill level 15 in Dodging
 53450 | Zot:1    | Reached XP level 26. HP: 165/180 MP: 32/32
 53485 | Zot:2    | Noticed an orb of fire
 53563 | Zot:1    | Gained mutation: You tend to lose your temper in combat. [an orb of fire]
 53575 | Zot:1    | Killed an orb of fire
 53575 | Zot:1    | Received a gift from Okawaru
 53578 | Zot:1    | Got a faintly humming chain mail {god gift}
 53580 | Zot:1    | Identified the +1 chain mail of Awe {rElec} (Okawaru gifted it to you on level 1 of the Realm of Zot)
 53582 | Zot:1    | Lost mutation: You tend to lose your temper in combat. [potion of cure mutation]
 53969 | Zot:2    | Reached skill level 10 in Translocations
 54446 | Zot:3    | Reached skill level 23 in Fighting
 55838 | Zot:4    | Received a gift from Okawaru
 55841 | Zot:4    | Got a spiked cloak {god gift}
 55842 | Zot:4    | Identified the +0 cloak of Mopet {*Slow rPois rF+++ MR-} (Okawaru gifted it to you on level 4 of the Realm of Zot)
 55955 | Zot:4    | Reached XP level 27. HP: 187/188 MP: 32/32
 56561 | Zot:5    | Entered Level 5 of the Realm of Zot
 57067 | Zot:5    | Noticed an ancient lich
 57080 | Zot:5    | Killed an ancient lich
 57098 | Zot:5    | Noticed an ancient lich
 57112 | Zot:5    | Killed an ancient lich
 57125 | Zot:5    | Noticed an ancient lich
 57134 | Zot:5    | Killed an ancient lich
 57134 | Zot:5    | Received a gift from Okawaru
 57134 | Zot:5    | Reached skill level 24 in Fighting
 57156 | Zot:5    | Noticed an orb of fire
 57168 | Zot:5    | Gained mutation: Your body sometimes deteriorates upon taking damage. [an orb of fire]
 57177 | Zot:5    | Killed an orb of fire
 57232 | Zot:5    | Noticed an ancient lich
 57247 | Zot:5    | Killed an ancient lich
 57247 | Zot:5    | Received a gift from Okawaru
 57260 | Zot:5    | Noticed an ancient lich
 57278 | Zot:5    | Killed an ancient lich
 57284 | Zot:5    | Noticed an ancient lich
 57291 | Zot:5    | Killed an ancient lich
 57300 | Zot:5    | Noticed an orb of fire
 57302 | Zot:5    | Gained mutation: You expend magic power (3 MP) to strengthen your wands. [an orb of fire]
 57318 | Zot:5    | Killed an orb of fire
 57339 | Zot:5    | Noticed an orb of fire
 57351 | Zot:5    | Killed an orb of fire
 57369 | Zot:5    | Noticed an ancient lich
 57379 | Zot:5    | Killed an ancient lich
 57379 | Zot:5    | Received a gift from Okawaru
 57407 | Zot:5    | Noticed an orb of fire
 57417 | Zot:5    | Killed an orb of fire
 57502 | Zot:5    | Received a gift from Okawaru
 57754 | Zot:5    | Noticed an orb of fire
 57765 | Zot:5    | Killed an orb of fire
 57800 | Zot:5    | Got the Orb of Zot
 58049 | Depths:3 | Noticed Abramyis the pandemonium lord
 58049 | Depths:3 | Noticed an ancient lich
 58088 | Depths:1 | Gained mutation: Potions and wands are less effective at restoring your health. [a neqoxec]
 58089 | Depths:1 | Gained mutation: Your flesh is heat resistant. (rF+) [a neqoxec]
 58091 | Depths:1 | Lost mutation: You expend magic power (3 MP) to strengthen your wands. [a neqoxec]
 58332 | D:7      | Noticed Duvessa
 58334 | D:7      | Killed Duvessa
 58337 | D:7      | Noticed Dowan
 58338 | D:7      | Killed Dowan
 58487 | D:$      | Escaped with the Orb!

Skill      XL: |  1  2  3  4  5  6  7  8  9 10 11 12 13 14 15 16 17 18 19 20 21 22 23 24 25 26 27 |
---------------+----------------------------------------------------------------------------------+-----
Maces & Flails | 3 4 5 6 7 8 10 11 13 14 15 16 17 18 19 20 21 | 21.4
Fighting       | 4 5 6 7 8 9 10 11 12 13 14 15 16 17 18 19 20 21 22 23 24 | 24.9
Armour         | 4 5 6 7 8 9 10 11 12 13 14 15 16 17 18 | 18.3
Shields        | 4 5 6 7 9 10 11 12 13 14 15 | 15.1
Invocations    | 1 3 4 6 7 10 12 13 | 13.2
Dodging        | 3 4 6 8 10 11 12 13 14 15 17 20 | 20.1
Necromancy     | 3 6 7 |  7.6
Translocations | 2 6 9 11 14 | 14.0
Spellcasting   | 3 |  3.4

Action                   |  1- 3 |  4- 6 |  7- 9 | 10-12 | 13-15 | 16-18 | 19-21 | 22-24 | 25-27 || total
-------------------------+-------+-------+-------+-------+-------+-------+-------+-------+-------++-------
Melee: Flail             |   139 |   105 |   390 |   252 |       |       |       |       |       ||   886
       Mace              |       |   139 |    27 |       |    18 |       |       |       |       ||   184
       Morningstar       |       |       |       |   508 |  1451 |   602 |       |       |       ||  2561
       Punch             |       |       |       |     4 |    10 |       |       |       |       ||    14
       Eveningstar       |       |       |       |       |    69 |  1191 |  1426 |  2194 |  1776 ||  6656
Throw: Javelin           |       |       |       |       |       |       |       |     4 |       ||     4
 Cast: Animate Skeleton  |       |       |       |       |       |       |       |    16 |    56 ||    72
       Lesser Beckoning  |       |       |       |       |       |       |       |       |    13 ||    13
Invok: Heroism           |       |       |     1 |     5 |    39 |    51 |    51 |    52 |    53 ||   252
       Finesse           |       |       |       |     3 |     4 |     6 |    10 |     5 |    16 ||    44
 Abil: Fly               |       |       |       |       |       |     1 |       |       |     1 ||     2
       Stop Flying       |       |       |       |       |       |       |       |     1 |       ||     1
Evoke: Wand              |       |       |       |     2 |       |     1 |     3 |     4 |     7 ||    17
  Use: Scroll            |       |       |    18 |     6 |    17 |    11 |    11 |    10 |    13 ||    86
       Potion            |       |       |       |     1 |     2 |     2 |     1 |     3 |    10 ||    19
 Stab: Petrified         |       |       |       |       |     8 |       |       |       |       ||     8
       Petrifying        |       |       |       |       |     1 |       |     3 |       |       ||     4
       Held in net/web   |       |       |       |       |       |       |       |     3 |       ||     3
       Distracted        |       |       |       |       |       |       |       |       |    14 ||    14
  Eat: Chunk             |       |     8 |    13 |    22 |    33 |    32 |    21 |    28 |    16 ||   173
       Beef jerky        |       |       |       |     2 |       |       |       |     2 |     7 ||    11
       Fruit             |       |       |       |     1 |       |       |       |       |       ||     1
       Royal jelly       |       |       |       |       |       |       |       |     5 |       ||     5
       Pizza             |       |       |       |       |       |       |       |       |     1 ||     1
Armor: Scale mail        |   126 |   169 |   241 |   726 |   615 |       |       |       |       ||  1877
       Plate armour      |       |       |       |       |   243 |   888 |   564 |   754 |   595 ||  3044
Dodge: Dodged            |    96 |   119 |   164 |   582 |   597 |   521 |   507 |  1077 |   721 ||  4384
Block: Shield            |       |       |       |       |   462 |  1190 |   928 |  1828 |  1297 ||  5705
       Reflection        |       |       |       |       |    17 |    56 |    50 |    71 |    33 ||   227
